 Dungeon Crawl Stone Soup version 0.27-a0-1200-g94dc6ad4cf (webtiles) character file.

Game seed: 16267419827383571091

62 willcat the Digger (level 4, -4/33 HPs)
             Began as a Hill Orc Earth Elementalist on May 31, 2021.
             Hit by a stone thrown by a hobgoblin (5 damage)
             ... on level 2 of the Dungeon.
             The game lasted 00:01:56 (1281 turns).

willcat the Digger (Hill Orc Earth Elementalist)    Turns: 1281, Time: 00:01:57

Health: -4/33      AC:  2    Str: 10    XL:     4   Next: 8%
Magic:  0/7        EV: 12    Int: 16    God:
Gold:   32         SH:  0    Dex: 11    Spells: 3/7 levels left

rFire    . . .     SeeInvis .   a - +0 short sword
rCold    . . .     Faith    .   (no shield)
rNeg     . . .     Spirit   .   c - +0 robe
rPois    .         Reflect  .   (no helmet)
rElec    .         Harm     .   (no cloak)
rCorr    .         Rampage  .   (no gloves)
Will     .....                  (no boots)
Stlth    ++........             (no amulet)
HPRegen  0.11/turn              (no ring)
MPRegen  0.10/turn              (no ring)

@: no status effects
A: no striking features
a: no special abilities


You were on level 2 of the Dungeon.
You visited 1 branch of the dungeon, and saw 2 of its levels.

You collected 32 gold pieces.

Inventory:

Hand Weapons
 a - a +0 short sword (weapon)
Missiles
 b - a stone
Armour
 c - a +0 robe (worn)
Scrolls
 d - a scroll of fog {unknown}
 e - a scroll of acquirement {unknown}
 f - a scroll of teleportation {unknown}


   Skills:
 - Level 1.5 Dodging
 - Level 1.5 Stealth
 + Level 2.2 Spellcasting
 + Level 1.6 Transmutations
 + Level 3.7 Earth Magic


You had 3 spell levels left.
You knew the following spells:

 Your Spells              Type           Power      Damage    Failure   Level
a - Sandblast             Erth           26%        2d8       4%          1
b - Stone Arrow           Conj/Erth      14%        3d7       28%         3

Your spell library contained the following spells:

 Spells                   Type           Power      Damage    Failure   Level
 Passwall                 Tmut/Erth      8%         N/A       11%         2
 Petrify                  Tmut/Erth      10%        N/A       56%         4
 Lee's Rapid Deconstruct  Erth           6%         3d7*      77%         5


Dungeon Overview and Level Annotations

Branches:
Dungeon (2/15)

Altars:

Annotations:
D:2 Terence


Message History

The hobgoblin closely misses you.
You hit the hobgoblin but do no damage.
The hobgoblin is heavily wounded.
The hobgoblin hits you.
You hit the hobgoblin but do no damage.
The hobgoblin is heavily wounded.
The hobgoblin misses you.
You closely miss the hobgoblin.
The hobgoblin is heavily wounded.
The hobgoblin hits you but does no damage.
The hobgoblin throws a stone.
The stone hits you.
* * * LOW HITPOINT WARNING * * *
The hobgoblin throws a stone.
The stone hits you.
* * * LOW HITPOINT WARNING * * *
You open the door.
There is an open door here.
Casting: Sandblast (safe; 4% risk of failure)
Confirm with . or Enter, or press ? or * to list all spells.
Aiming: Sandblast (safe; 4% risk of failure)
Press: ? - help, Shift-Dir - straight line, f/p - hobgoblin
Aim: a hobgoblin, wearing a +0 ring mail and quivering stones (moderately wounded, 82% to hit)
The blast of sand hits the hobgoblin but does no damage.
The hobgoblin is moderately wounded.
The hobgoblin throws a stone.
The stone hits you.
* * * LOW HITPOINT WARNING * * *
You close the door.
You aren't carrying any potions.
A hobgoblin opens the door.
The hobgoblin throws a stone.
The stone barely misses you.
Casting: Sandblast (safe; 4% risk of failure)
Confirm with . or Enter, or press ? or * to list all spells.
Aiming: Sandblast (safe; 4% risk of failure)
Press: ? - help, Shift-Dir - straight line, f/p - hobgoblin
Aim: a hobgoblin, wearing a +0 ring mail and quivering stones (moderately wounded, 82% to hit)
The blast of sand hits the hobgoblin but does no damage.
The hobgoblin is moderately wounded.
The hobgoblin throws a stone.
The stone hits you.
* * * LOW HITPOINT WARNING * * *
The hobgoblin throws a stone.
The stone hits you.
You die...

#............# ##. #..
#...........# #.= ..
#.......(...# #..#.[
#...........# #....
#..........## #....
.#.g#.......# #..#
.##..#.......# .
#..######..#...+.......#
#.#.........##@..#.g.....#
#.........###....#.......#
##......###......#.......#
###........##+#####'##....
######.####.#####.# #####
#†.).........#
########.#g### #.#...
#.###.#


You could see a hobgoblin.

Vanquished Creatures
  4 adders (D:2)
  A dart slug (D:1)
  2 ball pythons (D:1)
  2 bats (D:1)
  An endoplasm (D:1)
  7 goblins
  2 hobgoblins (D:1)
  A frilled lizard (D:1)
  3 kobolds
  A rat (D:1)
24 creatures vanquished.

Notes
Turn   | Place    | Note
-------+----------+-------------------------------------------
     0 | D:1      | willcat the Hill Orc Earth Elementalist began the quest for
                  | the Orb.
     0 | D:1      | Reached XP level 1. HP: 14/14 MP: 3/3
   176 | D:1      | Reached skill level 1 in Transmutations
   176 | D:1      | Reached XP level 2. HP: 18/20 MP: 2/4
  1112 | D:2      | Noticed Terence
  1116 | D:2      | Reached XP level 3. HP: 26/26 MP: 3/6
  1172 | D:1      | Learned a level 3 spell: Stone Arrow
  1252 | D:2      | Reached XP level 4. HP: 15/33 MP: 0/7
  1266 | D:2      | HP: 1/33 [hobgoblin/stone (4)]
  1279 | D:2      | HP: 1/33 [hobgoblin/stone (1)]
  1281 | D:2      | Hit by a stone thrown by a hobgoblin

Illustrated notes

Levels and vault maps discovered:
D:1:      minmay_arrival_shoal_huts, layout_basic, minmay_shallow_snake_nest
D:2:      layout_basic, minmay_randomly_rotated_circles, uniq_terence

Skill      XL: |  1  2 |
---------------+-------+-----
Transmutations | 1 |  1.6
Spellcasting   | 2 |  2.2
Dodging        | |  1.5
Stealth        | |  1.5
Earth Magic    | |  3.7

Action                   |  1- 3 |  4- 6 || total
-------------------------+-------+-------++-------
Melee: Short sword       |    31 |     3 ||    34
 Cast: Sandblast         |    28 |     3 ||    31
 Stab: Sleeping          |     1 |       ||     1
Armor: Robe              |     8 |     1 ||     9
Dodge: Dodged            |    26 |     3 ||    29

Table legend: (Time is in decaauts)
 A = Elapsed time spent in this place.
 B = Non-inter-level travel time spent in this place.
 C = Inter-level travel time spent in this place.
 D = Time resting spent in this place.
 E = Time spent auto-exploring this place.
 F = Levels seen in this place.
 G = Mean time per level.
                   A        B        C        D        E       F      G
               +--------+--------+--------+--------+--------+-----+--------+
         Total |   1284 |   1228 |     56 |    135 |    883 |   2 |  642.0 |
       Dungeon |   1284 |   1228 |     56 |    135 |    883 |   2 |  642.0 |
               +--------+--------+--------+--------+--------+-----+--------+

Top non-repeatable levels by time:
     D:1: 1169 daAuts
     D:2: 115 daAuts
